AoeStats
← Lakrini

African Clearing

505296082Analyzed
2v2 RM · 23d ago on Sep 8, 2026· 53m 27s· 4 players
Game mode
Random Map
Map size
Medium (4 player)
Population
200
Speed
Normal
Resources
Standard
Victory
Conquest
Starting age
Dark Age
Ending age
Imperial Age
RankedLock teamsTeams togetherTeam positionsShared explorationLock speedFull tech treeHidden civsTurbo modeCheats
Victory
Defeat
🇺🇸 Persians · United States
1339
+16
🇨🇴 Mongols · Colombia
1337
+16
🇮🇳 Mongols · India
1358
-17
🇩🇪 Maya · Germany
1319
-15
Lakrini
12:55 Feudal Age
13:29 Double-Bit Axe
13:33 Loom
16:36 Scale Barding Armor
17:45 Bloodlines
20:07 Fletching
22:32 Horse Collar
27:26 Castle Age
25:57 Gold Mining
27:42 Wheelbarrow
27:55 Husbandry
31:15 Town Watch
32:31 Forging
35:22 Bow Saw
43:37 Heavy Plow
51:17 Bodkin Arrow
52:08 Hand Cart
53:08 Light Cavalry
AmB
6:14 Loom
12:28 Feudal Age
13:12 Feudal Age
16:47 Castle Age
14:44 Double-Bit Axe
20:53 Fletching
22:23 Wheelbarrow
22:24 Gold Mining
22:46 Bow Saw
26:50 Ballistics
29:49 Bloodlines
30:28 Bodkin Arrow
32:07 Hand Cart
32:46 Padded Archer Armor
33:25 Husbandry
33:30 Light Cavalry
34:55 Leather Archer Armor
35:33 Scale Barding Armor
37:07 Chain Barding Armor
36:35 Horse Collar
39:47 Imperial Age
37:52 Town Watch
38:48 Heavy Plow
41:37 Bracer
41:09 Capped Ram
42:10 Hussar
43:04 Forging
43:52 Gold Shaft Mining
45:11 Conscription
47:48 Iron Casting
49:49 Elite Mangudai
52:57 Chemistry
53:40 Blast Furnace
53:56 Hoardings
ElMeroMero
5:01 Loom
12:46 Feudal Age
18:17 Castle Age
16:09 Double-Bit Axe
19:57 Horse Collar
21:18 Bow Saw
21:04 Stone Mining
22:41 Fletching
22:51 Padded Archer Armor
24:35 Gold Mining
32:15 Bodkin Arrow
32:35 Leather Archer Armor
37:46 Imperial Age
35:42 Ballistics
38:51 Bracer
39:22 Ring Archer Armor
47:41 Chemistry
nizam.lko
13:06 Feudal Age
11:45 Loom
16:41 Castle Age
14:50 Double-Bit Axe
18:05 Scale Barding Armor
20:13 Husbandry
20:20 Town Watch
23:41 Fletching
36:52 Wheelbarrow
42:27 Ballistics
46:32 Imperial Age
46:02 Bloodlines
46:57 Hand Cart
48:51 Bodkin Arrow
48:57 Padded Archer Armor
50:13 Bracer
50:29 Leather Archer Armor
51:24 Forging
Connection lost

Rejoining the realm…

Still unreachable

The connection could not be restored.

Session expired

The server has moved on; the page needs a fresh start.